[Event "GCT 11th Sinquefield Cup 2024"]
[Site "Saint Louis"]
[Date "2024.08.26"]
[Round "7.4"]
[White "Firouzja, Alireza"]
[Black "Ding, Liren"]
[Result "1-0"]
[ECO "C54"]
[WhiteElo "2751"]
[BlackElo "2745"]
[Annotator "TA"]
[PlyCount "85"]
[EventDate "2024.08.09"]
[EventType "tourn"]
[EventCountry "USA"]
[SourceTitle "playchess.com"]
[Source "ChessBase"]
[SourceQuality "1"]
[TimeControl "7200+30"]

1. e4 e5 2. Nf3 Nc6 3. Bc4 Nf6 4. d3 Bc5 5. c3 d6 6. a4 {[%emt 0:01:06] C54: Giuoco Piano: 4 c3 Nf6, main lines with 5 d4 and 5 d3.} a5 7. Bg5 h6 8. Bh4 Qe7 9. O-O g5 10. Bg3 Bg4 11. Nbd2 Ba7 12. Bb5 $146 ({Predecessor:} 12. Qc2 Nh5 13. Kh1 Nf4 14. Bxf4 gxf4 15. Bb5 O-O 16. h3 Bd7 17. d4 exd4 18. cxd4 Nxd4 19. Nxd4 Bxd4 20. Qxc7 {0-1 Demchenko,A (2609)-Kurmangaliyeva,L (2281) Titled Tuesday intern op 14th May Late blitz 2024 (6)}) 12... O-O 13. Re1 Nh5 14. Kh1 Ng7 15. h3 Bh5 16. Bc4 Kh8 17. Bd5 Nd8 18. d4 f6 19. Nf1 (19. Nb3 $11) 19... c6 (19... exd4 $15 20. cxd4 Nc6) 20. Ba2 $11 Nde6 21. Ne3 Rad8 22. Ng4 Kh7 23. Bb1 Bg6 24. Qd2 Nf4 (24... Rfe8 $11 {remains equal.}) 25. Bc2 ({Better is} 25. Bxf4 $16 {Bg3 is the strong threat.} gxf4 26. Nh4) 25... Qe6 (25... Nge6 $11) 26. Rad1 (26. Bxf4 $5 exf4 27. Nh4 gxh4 28. Qxf4 $14) 26... h5 27. Ngh2 (27. Ne3 {feels hotter.} Nxh3 28. Nf5 Nf4 29. Bxf4 gxf4 30. N3h4) 27... Qf7 28. Nf1 Nfe6 29. Ne3 exd4 ({Black should try} 29... Kh8 $14) 30. cxd4 $18 (30. Nxd4 Rfe8 $16) 30... d5 {[%emt 0:00:09] [#]} (30... Bb8 {was worth a try.} 31. Qxa5 Rd7) 31. exd5 $1 $18 (31. Qxa5 b6 32. Qc3 dxe4 $14) 31... cxd5 32. Bxg6+ (32. Qxa5 Bxc2 33. Nxc2 b6 $16) 32... Qxg6 33. Qxa5 Bb8 34. Bxb8 (34. Nxd5 Bxg3 35. fxg3 Qf5 36. Nxf6+ Qxf6 $11) 34... Rxb8 35. Qxd5 ({But not} 35. Nxd5 $6 g4 $18) 35... Nf4 36. Qb5 g4 37. hxg4 ({Resist} 37. Nh4 Qg5 $18) 37... hxg4 38. Nh4 Qg5 39. Nef5 Nxf5 40. Qxf5+ Qxf5 41. Re7+ ({Much less strong is} 41. Nxf5 Nd5 42. Ne3 Nxe3 43. Rxe3 Ra8 $18) 41... Kh6 42. Nxf5+ Kg6 (42... Kg5 $142) 43. Nh4+ 1-0

[Event "GCT 11th Sinquefield Cup 2024"]
[Site "Saint Louis"]
[Date "2024.08.26"]
[Round "7.5"]
[White "Caruana, Fabiano"]
[Black "Gukesh D"]
[Result "1/2-1/2"]
[ECO "C55"]
[WhiteElo "2793"]
[BlackElo "2766"]
[Annotator "TA"]
[PlyCount "120"]
[EventDate "2024.08.09"]
[EventType "tourn"]
[EventCountry "USA"]
[SourceTitle "playchess.com"]
[Source "ChessBase"]
[SourceQuality "1"]
[TimeControl "7200+30"]

1. e4 e5 2. Nf3 Nc6 3. Bc4 Nf6 4. d3 a6 5. O-O h6 6. c3 {[%emt 0:00:35] C55: Two Knights: 4 d3, 4 d4 exd4 5 e5 and Max Lange Attack.} d6 7. Re1 g5 8. Na3 Bg7 9. Nc2 b5 $146 ({Predecessor:} 9... Na5 10. Bb3 Nxb3 11. axb3 Be6 12. Ne3 O-O 13. Qc2 Nh5 14. Nd2 Nf4 15. Ndf1 d5 {0-1 Czernek,T (2302)-Jarocka,L (2143) Bialystok Zamenhof Memorial 41st 2022 (7)}) 10. Bb3 Na5 11. Ne3 Nxb3 12. axb3 Ng8 13. Nf5 Bxf5 14. exf5 g4 15. Nd2 Qg5 16. c4 bxc4 17. Nxc4 Qxf5 18. d4 Ne7 19. dxe5 dxe5 20. Ne3 Qd7 21. Qxg4 Qxg4 22. Nxg4 f6 23. f4 h5 24. Nf2 O-O 25. Bd2 Rab8 26. Ra3 Nf5 27. fxe5 fxe5 28. b4 Rb6 29. Rh3 h4 30. Bc3 Re8 31. Re4 Rg6 32. Nd3 Re7 33. Nc5 (33. Bxe5 Rge6 34. Rf4 Rxe5 35. Nxe5 Rxe5) 33... Bf6 34. Rf3 (34. Nxa6 $6 Reg7 $11) 34... Nd6 35. Re2 Nb5 36. h3 (36. Nxa6 Nxc3 37. Rxc3 (37. bxc3 e4 $11) 37... Rd7 (37... e4 38. Rxc7 Bd4+ 39. Kf1 $16)) 36... Bg7 37. Re4 Bf6 38. Nd3 Reg7 {[%emt 0:00:31] [#]} (38... Nxc3 $16 39. bxc3 c6) 39. Rf2 ({Weaker is} 39. Nxe5 Rxg2+ 40. Kf1 Rg1+ 41. Ke2 R7g2+ (41... Nd6 42. Ref4 $11) 42. Rf2 Kg7 $11) (39. Bxe5 Bxe5 40. Nxe5 Rxg2+ 41. Kf1 Rxb2 $11) (39. Rxf6 $1 $18 Nxc3 (39... Rxf6 $2 {too greedy.} 40. Bxe5 Re6 41. Nc5 $18) 40. Rxg6 Nxe4 41. Nxe5 (41. Rxa6 Rd7 $11)) 39... Nxc3 $1 $14 40. bxc3 Rg3 41. Nxe5 (41. Ne1 $14 R7g6 42. Kh1) 41... Bxe5 $11 42. Rxe5 Rxh3 43. Rc5 Rd3 44. Kh2 Rgg3 45. Rc2 h3 46. Rxc7 Kf8 $1 47. gxh3 Rxh3+ 48. Kg2 Ke8 49. c4 Rhg3+ 50. Kf2 Rgf3+ 51. Ke1 Kd8 52. Rg7 Rde3+ 53. Kd1 Rf1+ 54. Kd2 Rb3 55. Ke2 Rh1 56. Rd2+ Kc8 57. Rg8+ Kc7 58. Rg7+ Kc8 59. Rg8+ Kc7 60. Rg7+ Kc8 1/2-1/2

[Event "GCT 11th Sinquefield Cup 2024"]
[Site "Saint Louis"]
[Date "2024.08.27"]
[Round "8.1"]
[White "Ding, Liren"]
[Black "Abdusattorov, Nodirbek"]
[Result "1/2-1/2"]
[ECO "E60"]
[WhiteElo "2745"]
[BlackElo "2762"]
[Annotator "TA"]
[PlyCount "45"]
[EventDate "2024.08.09"]
[EventType "tourn"]
[EventCountry "USA"]
[SourceTitle "playchess.com"]
[Source "ChessBase"]
[SourceQuality "1"]
[TimeControl "7200+30"]

1. c4 g6 2. d4 Nf6 3. h4 c6 4. Nc3 d5 5. cxd5 cxd5 6. Bf4 Bg7 7. e3 O-O 8. Be2 Qb6 9. Qb3 Qxb3 10. axb3 Nc6 11. Nf3 Bd7 12. Ne5 e6 13. Nd3 Rfc8 14. g4 Bf8 15. g5 Nh5 16. Bxh5 gxh5 17. Kd2 Nb4 18. Ne5 Be8 19. Rhc1 Nc6 20. Nd3 {[%emt 0:08:21] A dynamic duo of knights.} Nb4 21. Ne5 Nc6 $1 22. Nd3 Nb4 23. Ne5 {[%emt 0:00:15] Weighted Error Value: White=0.11 (very precise) /Black=0.06 (flawless) .  Inaccurate:     	White=1     	Black=1      OK:         	White=6     	Black=8      Best:        	White=1     	---        Strong:       	---       	Black=1} 1/2-1/2

[Event "GCT 11th Sinquefield Cup 2024"]
[Site "Saint Louis"]
[Date "2024.08.27"]
[Round "8.2"]
[White "Praggnanandhaa R"]
[Black "Caruana, Fabiano"]
[Result "1/2-1/2"]
[ECO "A29"]
[WhiteElo "2749"]
[BlackElo "2793"]
[Annotator "TA"]
[PlyCount "55"]
[EventDate "2024.08.09"]
[EventType "tourn"]
[EventCountry "USA"]
[SourceTitle "playchess.com"]
[Source "ChessBase"]
[SourceQuality "1"]
[TimeControl "7200+30"]

1. c4 Nf6 2. Nc3 e5 3. Nf3 Nc6 4. g3 d5 5. cxd5 Nxd5 6. Bg2 Bc5 7. O-O O-O 8. d3 h6 9. Nxd5 Qxd5 10. Bd2 Qe6 11. Qc2 Qe7 12. Rac1 Bd6 13. a3 Nd4 14. Nxd4 exd4 15. Rfe1 c6 16. b4 Be6 17. Qb2 Rfd8 18. Qxd4 {[%emt 0:18:05] [#]} (18. f4 $11) 18... Bxg3 $1 $15 19. Qc5 (19. Qe4 Bd6) 19... Bd6 20. Qh5 f5 21. Bf3 Be5 22. Be3 {[%emt 0:07:35] Inhibits Rd4.} Qf6 23. Kh1 Bf7 24. Qh3 Be6 ({Black should try} 24... Bb2 $11 25. Rc5 Be6) 25. Qh5 $1 $17 Bf7 26. Qh3 Be6 {[%emt 0:00:03] [#] White must now prevent ...f4.} 27. Qh5 $1 Bf7 28. Qh3 {[%emt 0:00:15] Weighted Error Value: White=0.09 (flawless) /Black=0.23 (precise) .  Mistake:       	White=1     	Black=1      Inaccurate:     	White=1     	Black=3      OK:         	White=8     	Black=7      Best:        	White=1     	---        Strong:       	White=2     	---        Brilliant:      	---       	Black=1} 1/2-1/2

[Event "GCT 11th Sinquefield Cup 2024"]
[Site "Saint Louis"]
[Date "2024.08.27"]
[Round "8.3"]
[White "So, Wesley"]
[Black "Vachier-Lagrave, Maxime"]
[Result "1/2-1/2"]
[ECO "D06"]
[WhiteElo "2751"]
[BlackElo "2721"]
[Annotator "TA"]
[PlyCount "98"]
[EventDate "2024.08.09"]
[EventType "tourn"]
[EventCountry "USA"]
[SourceTitle "playchess.com"]
[Source "ChessBase"]
[SourceQuality "1"]
[TimeControl "7200+30"]

1. Nf3 d5 2. d4 Nf6 3. c4 c5 4. cxd5 cxd4 5. Qxd4 Qxd5 6. Nc3 Qxd4 7. Nxd4 a6 8. Bg5 {[%emt 0:01:22] D06: Queen's Gambit: Symmetrical and Baltic Defences.} e5 9. Bxf6 gxf6 10. Nc2 Be6 11. g3 Nc6 12. Bg2 O-O-O 13. O-O Nd4 14. Nxd4 exd4 15. Ne4 f5 $146 ({Predecessor:} 15... Be7 16. Rac1+ Kb8 17. Nc5 Bc8 18. a3 h5 19. h4 Rhe8 20. Bf3 Bf8 21. Bxh5 Re5 22. Nxa6+ bxa6 23. Bxf7 Rxe2 24. b4 d3 25. Rcd1 Bh3 {0-1 Rees,I (2289)-Musovic,A (2255) Titled Tuesday intern op 15th Aug Late blitz 2023 (8)}) 16. Ng5 Bg7 17. Rfd1 Kb8 18. Nxe6 fxe6 19. Rd3 Rd7 20. e4 Rc8 21. exf5 exf5 22. Rad1 Rc2 23. R1d2 Rxd2 24. Rxd2 d3 25. Bf1 (25. Bh3 $5 Rd5 26. Bg2 $18) 25... Bxb2 $1 26. Rxd3 (26. Rxb2 d2 27. Be2 d1=R+ 28. Bxd1 Rxd1+ 29. Kg2 Rd5 $11) 26... Kc7 27. Rf3 b5 28. Rxf5 Rd2 29. Rf7+ Kd6 30. Rf3 Kc5 31. Bh3 Bd4 32. Be6 a5 33. Rf5+ Kd6 34. Bg8 a4 (34... Kc6 $5) 35. Rxb5 Bxf2+ 36. Kh1 Bc5 37. h4 h5 38. Ra5 a3 39. Bb3 Rb2 40. Ra6+ Kd7 41. Rf6 Bd6 42. Rf3 Ke7 43. Rf7+ Kd8 44. Rg7 Be5 45. Rg8+ Kd7 46. Bc4 Rc2 47. Bb3 Rb2 48. Bc4 Rc2 49. Bb3 Rb2 1/2-1/2

[Event "GCT 11th Sinquefield Cup 2024"]
[Site "Saint Louis"]
[Date "2024.08.27"]
[Round "8.4"]
[White "Giri, Anish"]
[Black "Gukesh D"]
[Result "1/2-1/2"]
[ECO "C77"]
[WhiteElo "2746"]
[BlackElo "2766"]
[Annotator "TA"]
[PlyCount "46"]
[EventDate "2024.08.09"]
[EventType "tourn"]
[EventCountry "USA"]
[SourceTitle "playchess.com"]
[Source "ChessBase"]
[SourceQuality "1"]
[TimeControl "7200+30"]

1. e4 e5 2. Nf3 Nc6 3. Bb5 a6 4. Ba4 Nf6 5. O-O Be7 6. d3 b5 7. Bb3 O-O 8. Nc3 d6 9. a3 h6 10. h3 Rb8 11. Be3 Re8 12. Nd5 Bf8 13. c4 Bd7 {[%emt 0:03:13] The position is equal.} 14. Qd2 {[%emt 0:00:20] Dodges Na5} bxc4 15. Bxc4 Nxd5 16. Bxd5 Ne7 (16... Qf6 $5) 17. Bc4 c6 18. Bxa6 d5 19. Nxe5 Ra8 $1 20. Bb7 Rb8 21. Ba6 {[%emt 0:00:05] Hoping for Rfc1.} Ra8 $1 22. Bb7 Rb8 23. Ba6 {[%emt 0:00:03] Threatens to win with Rac1.} Ra8 $1 {[%emt 0:00:11] An uneventful encounter.   Weighted Error Value: White=0.03 (flawless) /Black=0.03 (flawless) .  OK:         	White=9     	Black=8      Strong:       	---       	Black=3} 1/2-1/2

[Event "GCT 11th Sinquefield Cup 2024"]
[Site "Saint Louis"]
[Date "2024.08.27"]
[Round "8.5"]
[White "Nepomniachtchi, Ian"]
[Black "Firouzja, Alireza"]
[Result "1/2-1/2"]
[ECO "C47"]
[WhiteElo "2767"]
[BlackElo "2751"]
[Annotator "TA"]
[PlyCount "159"]
[EventDate "2024.08.09"]
[EventType "tourn"]
[EventCountry "USA"]
[SourceTitle "playchess.com"]
[Source "ChessBase"]
[SourceQuality "1"]
[TimeControl "7200+30"]

1. e4 e5 2. Nf3 Nc6 3. Nc3 Nf6 4. d4 exd4 5. Nxd4 Bb4 6. Nxc6 bxc6 7. Bd3 d5 8. exd5 O-O 9. O-O Bg4 10. Ne2 cxd5 11. h3 Bh5 12. c4 dxc4 13. Bxc4 Bd6 14. Be3 Re8 15. Re1 Rxe3 16. fxe3 Qe7 17. Qd4 Rd8 18. Nf4 Bc5 $132 {[%emt 0:03:56][%mdl 2048] Black puts up resistance} 19. Qc3 Bb4 {[%emt 0:00:43] [#]} 20. Qc2 Bxe1 21. Rxe1 Qe5 22. Qb3 Bg6 (22... h6 $11) 23. Nxg6 $14 hxg6 24. Bxf7+ Kh7 25. Qc3 $1 Qg3 {[%emt 0:25:27] ...Ne4 would now be deadly.} 26. Rf1 Nd5 27. Bxd5 Rxd5 $16 {[%emt 0:00:14][%mdl 4096] Endgame. KQR-KQR} 28. Kh1 c5 29. b3 Qd6 30. e4 Rd2 31. a4 Rd3 32. Qc4 {[%emt 0:02:45][%cal Oe4e5] Black should prevent e5!} Re3 33. Qd5 Qxd5 (33... Qg3 $11) 34. exd5 $14 Rxb3 $11 {[%emt 0:00:05] KR-KR} 35. Rc1 Ra3 {[%emt 0:00:56] [#]} 36. Rd1 $1 (36. Rxc5 Rxa4 37. Kg1 Rf4 $14) 36... Re3 37. Kg1 c4 {[%emt 0:00:26] [#]} 38. Kf2 $1 Re8 39. Kf3 {[%emt 0:01:07] And now Kf4 would win.} c3 40. d6 (40. a5 $1 $14) 40... Rd8 41. Ke4 c2 42. Rc1 Rxd6 43. Rxc2 Kh6 44. Rc5 Rd2 45. Kf3 Rd3+ 46. Ke2 Rg3 47. Kf2 Rb3 ({Black should try} 47... Rg5 $11 48. Rb5 a6) 48. Ra5 ({Better is} 48. Rc7 $1 $14) 48... Rb7 {[%emt 0:00:36] The position is equal.} 49. h4 Rb2+ 50. Kg3 Rb3+ 51. Kg4 Rb4+ 52. Kh3 Rb3+ 53. g3 Rb7 54. Ra6 Rc7 55. Ra5 Rb7 56. Ra6 Rc7 57. a5 Rb7 58. Rc6 Rb5 59. a6 {[%emt 0:01:06] Strongly threatening Rc7.} Ra5 60. Kg4 Ra4+ 61. Kh3 Ra3 62. Re6 Kh5 63. Re5+ Kh6 64. Re6 Kh5 65. Re8 g5 $1 66. Rh8+ Kg6 67. h5+ Kf7 68. Kg4 Rxa6 69. Kxg5 Ra5+ 70. Kh4 g6 {[%emt 0:01:31] ( -> ...Rxh5+)} 71. h6 {[%emt 0:01:06] Threatens to win with g4.} Rh5+ 72. Kg4 Kf6 73. Rf8+ Ke7 74. Ra8 {[%emt 0:00:11] Intending h7 and mate.} Kf6 75. Rxa7 Rxh6 76. Ra6+ Kg7 77. Ra7+ Kf6 78. Ra6+ Kg7 79. Ra7+ Kf6 80. Ra6+ {[%emt 0:00:03] Weighted Error Value: White=0.05 (flawless) /Black=0.07 (flawless) .  Mistake:       	White=2     	Black=3      Inaccurate:     	White=1     	Black=2      OK:         	White=15    	Black=45     Best:        	White=7     	Black=8      Strong:       	White=3     	Black=1} 1/2-1/2

[Event "GCT 11th Sinquefield Cup 2024"]
[Site "Saint Louis"]
[Date "2024.08.28"]
[Round "9.1"]
[White "Gukesh D"]
[Black "So, Wesley"]
[Result "1/2-1/2"]
[ECO "E21"]
[WhiteElo "2766"]
[BlackElo "2751"]
[Annotator "TA"]
[PlyCount "69"]
[EventDate "2024.08.09"]
[EventType "tourn"]
[EventCountry "USA"]
[SourceTitle "playchess.com"]
[Source "ChessBase"]
[SourceQuality "1"]
[TimeControl "7200+30"]

1. d4 Nf6 2. c4 e6 3. Nc3 Bb4 4. Nf3 c5 5. dxc5 Na6 6. Bd2 Nxc5 7. e3 Bxc3 8. Bxc3 Nce4 9. Bb4 d6 10. Be2 Qb6 11. Ba3 O-O 12. O-O e5 13. Nd2 Rd8 14. Nxe4 Nxe4 15. Qc2 Bf5 16. Bd3 d5 17. Rad1 Rac8 18. Qb1 $1 Bg4 19. cxd5 Bxd1 20. Bxe4 Be2 21. Re1 Bc4 22. Bxh7+ {[%emt 0:00:51] This pair of bishops is nice.} Kh8 {[%emt 0:01:01][%cal Og7g6] [#] aiming for ...g6!} 23. Bf5 (23. d6 {looks sharper.} Qa5 24. Bf5 Bxa2 25. Qd1) 23... Bxd5 $1 24. Bxc8 Rxc8 25. Rd1 (25. h3 $14) 25... Qc6 $11 {[%emt 0:04:23] The position is equal.} 26. f3 {[%emt 0:12:24] Inhibits Be4.} (26. Qf5 {feels hotter.} Qc2 27. Qxc2 Rxc2 28. h4) 26... Qb6 27. Re1 (27. Rxd5 $2 {perishes.} Qxe3+ 28. Kf1 Rc1+ $19) 27... Bxa2 28. Qxa2 Rc1 $1 29. Rxc1 Qxe3+ 30. Kf1 Qd3+ 31. Ke1 Qe3+ 32. Kd1 {[%emt 0:00:04] [#] Threatening mate with Rc8+.} Qd3+ 33. Ke1 {[%emt 0:00:03] White wants to mate with Rc8+.} Qe3+ 34. Kd1 {[%emt 0:00:05] Rc8+ is the strong threat.} Qd3+ 35. Ke1 {[%emt 0:00:05] Weighted Error Value: White=0.03 (flawless) /Black=0.03 (flawless) .  Mistake:       	White=1     	---        OK:         	White=13    	Black=11     Best:        	White=3     	Black=7      Strong:       	White=1     	Black=2} 1/2-1/2

[Event "GCT 11th Sinquefield Cup 2024"]
[Site "Saint Louis"]
[Date "2024.08.28"]
[Round "9.2"]
[White "Abdusattorov, Nodirbek"]
[Black "Nepomniachtchi, Ian"]
[Result "1-0"]
[ECO "D95"]
[WhiteElo "2762"]
[BlackElo "2767"]
[Annotator "TA"]
[PlyCount "53"]
[EventDate "2024.08.09"]
[EventType "tourn"]
[EventCountry "USA"]
[SourceTitle "playchess.com"]
[Source "ChessBase"]
[SourceQuality "1"]
[TimeControl "7200+30"]

1. d4 Nf6 2. Nf3 g6 3. c4 Bg7 4. Nc3 d5 5. e3 O-O 6. Bd2 c6 7. Qb3 Qb6 8. Qa3 Bf5 9. Rc1 Nbd7 10. cxd5 {[%emt 0:06:12] The position is equal.} cxd5 11. Be2 Rfc8 12. O-O Bf8 13. Na4 Qd8 14. Qb3 Rcb8 15. Nc3 e6 16. h3 Ne4 17. g4 Nxc3 $1 18. Bxc3 Be4 19. Ne5 Nxe5 20. dxe5 Qh4 21. Be1 {[%emt 0:08:45] aiming for Kh2.} Qxh3 22. f3 Bh6 {[%emt 0:01:22] [#]} 23. Rf2 $1 $36 {[%emt 0:03:55][%cal Of2h2,Bf1f2,Bf2g2,Bg2f2][%mdl 2080] Black must now prevent Rh2! White is really pushing.} Qg3+ (23... d4 $142 24. Rh2 (24. fxe4 Bxe3 25. Rc7 Rf8 $19) 24... Bxe3+ 25. Qxe3 Qxh2+ 26. Kxh2 dxe3) 24. Rg2 Qxe5 {[%emt 0:02:50][%cal Oe4f3] [#] And now ...Bxf3! would win.} (24... Qh3 $2 25. Rh2 $18 (25. fxe4 $2 Qxe3+ 26. Qxe3 Bxe3+ 27. Kf1 Bxc1 $19) (25. fxe4 $2 Qxe3+ 26. Kf1 Qxc1 $19)) 25. Bg3 $1 (25. fxe4 Rc8 26. Rd1 Qxe4 $14) 25... Qf6 ({Wrong is} 25... Qg5 $2 26. Bf4 $18 (26. fxe4 $2 Qxe3+ 27. Qxe3 Bxe3+ 28. Kf1 Bxc1 $19)) (25... Bc2 $16 26. Bxe5 (26. Qxc2 $2 Qxe3+ 27. Kf1 Qxc1+ $19) (26. Rxc2 Bxe3+ 27. Kf1 Bf4 $14) 26... Bxb3) 26. fxe4 $18 {[%emt 0:04:04] Rf2 would now be deadly.} ({But not} 26. Bxb8 Rxb8 27. fxe4 d4 $18) 26... dxe4 $2 (26... Rc8 {was necessary.} 27. Rf1 Qe7 28. exd5 exd5) 27. Rf2 {[%emt 0:02:18] Weighted Error Value: White=0.08 (flawless) /Black=0.43.  Mistake:       	---       	Black=4      Inaccurate:     	White=3     	Black=2      OK:         	White=7     	Black=8      Best:        	White=3     	---        Strong:       	White=2     	Black=1} 1-0

[Event "GCT 11th Sinquefield Cup 2024"]
[Site "Saint Louis"]
[Date "2024.08.28"]
[Round "9.3"]
[White "Caruana, Fabiano"]
[Black "Giri, Anish"]
[Result "1-0"]
[ECO "A14"]
[WhiteElo "2793"]
[BlackElo "2746"]
[Annotator "TA"]
[PlyCount "93"]
[EventDate "2024.08.09"]
[EventType "tourn"]
[EventCountry "USA"]
[SourceTitle "playchess.com"]
[Source "ChessBase"]
[SourceQuality "1"]
[TimeControl "7200+30"]

1. c4 Nf6 2. Nf3 e6 3. g3 d5 4. Bg2 Be7 5. O-O O-O 6. d3 c5 7. Ne5 {[%emt 0:00:20] A14: English Opening: 1...e6 with b3 by White.} Nbd7 8. Nxd7 Bxd7 9. e4 dxe4 10. dxe4 Bc6 11. Qe2 Nd7 12. f4 a6 $146 ({Predecessor:} 12... Qc7 13. Nc3 Rad8 14. Be3 Bf6 15. e5 Bxg2 16. Qxg2 Be7 17. Qe4 a6 18. Rae1 Rde8 {1-0 Bernadskiy,V (2530)-Gavrilescu,D (2526) Rubinstein Memorial 59th 2023 (3)}) 13. a4 Qc7 14. Nc3 Bf6 15. e5 Bxg2 16. Kxg2 Be7 17. Bd2 Rae8 18. Ne4 Qc6 (18... Nb8 $11) 19. Qf3 $16 f5 20. exf6 gxf6 21. Bc3 f5 22. Rfd1 Nb6 (22... fxe4 23. Qg4+) 23. Nd2 Qxf3+ 24. Kxf3 Rd8 25. Ke2 Rd6 26. a5 Nd7 27. Ne4 Rxd1 (27... fxe4 28. Rxd6 Bxd6 29. Rd1 $18) 28. Rxd1 Rd8 29. Nd6 Nf6 $2 (29... Bxd6 $16 {was worth a try.} 30. Rxd6 Kf7) 30. Bxf6 $1 $18 (30. Nxb7 Rxd1 31. Kxd1 Ne4 $19) 30... Bxf6 31. Nxb7 Rxd1 32. Kxd1 Be7 (32... Bxb2 $142 33. Nxc5 Bc3 34. Nxe6 Bxa5) 33. b4 cxb4 34. c5 Kf7 35. Kc2 Ke8 (35... Kf8 $142 36. Kb3 Ke8) 36. c6 $1 $18 Bf8 37. Kb3 Be7 38. Kc4 h5 (38... Bf8 {might work better.} 39. Kd4 (39. Nc5 $2 Bxc5 40. h3 Kd8 $19) 39... h6) 39. Kd3 $18 (39. Nc5 $2 Bxc5 40. Kxc5 b3 $19) 39... Bf8 40. Kd4 Bg7+ (40... Be7 $142 41. Ke5 Bd8 42. Kxe6 Bc7) 41. Kc5 $18 Bf8+ 42. Kb6 b3 {[%emt 0:00:13] [#]} 43. c7 $1 (43. Kxa6 b2 44. Ka7 b1=Q (44... b1=B $2 {is the wrong capture.} 45. c7 $18) 45. Kb8 Bd6+ 46. Ka7 Bc7 47. Ka6 Qd3+ 48. Ka7 Qb5 49. h4 Qxc6 (49... Bxa5 50. Nd6+ Kd8 51. Nxb5 $11) 50. g4 Kd7 (50... Bxf4 51. g5 Kd7 52. Nd6 Bxd6 53. g6 Bc5+ 54. Kb8 Qc8#) (50... fxg4 51. f5 Kd7 52. fxe6+ Kc8 53. Nd6+ Bxd6 54. a6 Bc5#) 51. g5 Kc8 (51... Bxf4 52. Nd6 Bxd6 53. g6 Bc5+ 54. Kb8 Qc8#) (51... Bxf4 52. Nd6 Be3+ 53. Kb8 Qc7+ 54. Ka8 Qa7#)) 43... Kd7 {[%emt 0:00:03] [#]} 44. Nc5+ $1 Kc8 45. Nxb3 (45. Nxa6 {gets mated.} b2 46. Kb5 b1=Q+ (46... b1=B $2 47. Nc5 $19) 47. Kc4 Qc2+ (47... Qb7 48. Kd4 Qb3 49. h3 Bg7+ 50. Kc5 Qc3+ 51. Kb6 Bf8 52. h4 Qb3+ 53. Nb4 Qxb4+ 54. Kc6 Qc5#) 48. Kd4 Bg7+ (48... Qxh2 49. Nb8 Qd2+ 50. Kc4 Qe2+ 51. Kc3 Bg7+ 52. Kb4 Qe4+ 53. Ka3 Qd3+ 54. Ka4 Bf8 55. a6 Qc4+ 56. Ka5 Qb4#) 49. Ke3 Qd1 (49... Qxh2 50. Nb4 Bc3 51. Nc6 Kxc7 52. Na7 Be1 53. Nb5+ Kd7 54. Kd4 Qb2+ 55. Kc5 Bxa5 56. Kc4 Qb4+ 57. Kd3 Qe4#) 50. Kf2 Bd4+ 51. Kg2 Qg1+ 52. Kh3 Bf6 53. Nb8 Qf1#) 45... Bd6 46. Nd4 Bxc7+ 47. Kxa6 1-0

[Event "GCT 11th Sinquefield Cup 2024"]
[Site "Saint Louis"]
[Date "2024.08.28"]
[Round "9.4"]
[White "Firouzja, Alireza"]
[Black "Praggnanandhaa R"]
[Result "1/2-1/2"]
[ECO "C12"]
[WhiteElo "2751"]
[BlackElo "2749"]
[Annotator "TA"]
[PlyCount "93"]
[EventDate "2024.08.09"]
[EventType "tourn"]
[EventCountry "USA"]
[SourceTitle "playchess.com"]
[Source "ChessBase"]
[SourceQuality "1"]
[TimeControl "7200+30"]

1. e4 e6 2. d4 d5 3. Nc3 Nf6 4. Bg5 Bb4 5. exd5 Qxd5 6. Nf3 (6. Bxf6 {simplifies} gxf6 7. Qd3 Bxc3+ 8. bxc3 Nd7 9. a4) 6... Ne4 7. Bd2 Bxc3 8. bxc3 Nxd2 9. Qxd2 b6 10. Bd3 Bb7 11. O-O Nd7 12. Rfe1 Qd6 13. Qe3 Bxf3 14. Qxf3 O-O 15. a4 c5 16. a5 Rad8 17. axb6 axb6 18. Qg3 Nf6 19. Reb1 cxd4 20. Qxd6 Rxd6 21. cxd4 Rxd4 22. Rxb6 Nd7 23. Rc6 Ne5 24. Rc3 g6 25. Ra5 {[%emt 0:07:29] [#]} Rb8 $1 {[%emt 0:01:16][%cal Od4d3] And now ...Rxd3! would win.} 26. Bf1 {[%emt 0:08:25] The position is equal.} (26. Rxe5 $2 {is the wrong capture.} Rxd3 27. h4 Rxc3 $19) 26... Ng4 {[%emt 0:03:27] aiming for ...Rb1.} 27. h3 Nf6 {[%emt 0:00:24] White must now prevent ...Rb1.} 28. Rd3 Re4 29. Rd1 {[%emt 0:01:27] Against Rb1} Reb4 30. g3 Rc8 31. Bd3 h5 32. h4 Kg7 33. Kg2 Rc7 34. Rda1 Ng4 35. Ra7 Rxa7 36. Rxa7 $11 {[%emt 0:00:20][%mdl 4096] Endgame. KRB-KRN} Kf6 37. Rc7 Rb1 38. Be2 Ne5 39. Bf3 Re1 40. Bb7 Rd1 41. Ba6 Kg7 42. Rc5 Re1 43. Rc7 Rd1 44. Rc5 Kf6 45. Rc7 Rd2 46. Kf1 Rd1+ (46... Ng4 $5) 47. Kg2 {[%emt 0:01:29] Weighted Error Value: White=0.03 (flawless) /Black=0.03 (flawless) .  Inaccurate:     	White=1     	Black=1      OK:         	White=21    	Black=11     Best:        	White=4     	---} 1/2-1/2